 Dungeon Crawl Stone Soup version 0.29.1-15-g9cfb28693d (webtiles) character file.

Game seed: 6076635808707576788

10423 leafyfresh the Covert (level 11, -8/106 HPs)
             Began as an Octopode Delver on Apr 22, 2023.
             Was a Priest of Ashenzari.
             Mangled by a komodo dragon (17 damage)
             ... on level 10 of the Dungeon on Apr 30, 2023.
             The game lasted 00:40:35 (19488 turns).

leafyfresh the Covert (Octopode Delver)            Turns: 19488, Time: 00:40:35

Health: -8/106     AC: 25    Str: 19    XL:     11   Next: 61%
Magic:  22/23      EV:  2    Int: 17    God:    Ashenzari [***...]
Gold:   801        SH:  5    Dex: 13    Spells: 12/26 levels left

rFire   . . .      SeeInvis +   p - staff of conjuration (curse) {Melee, Cun}
rCold   . . .      Faith    .   k - orb "Cursed Affliction" {*channel, Alch, Cun} (curse)
rNeg    . . .      Spirit   .   (helmet currently unavailable)
rPois   +          Reflect  +   r - amulet of the Ruined Augurer {Reflect SH+5, Elem, Range} (curse)
rElec   .          Harm     .   z - ring "Tethered Together" {EV+4, Cun, Bglg} (curse)
rCorr   +          Rampage  .   M - ring "Eternal Doubts" {EV+4, Bglg, Comp} (curse)
Will    .....      Clarity  +   a - ring of Ashenzari's Vision {rCorr Str+7 SInv, Alch, Bglg} (curse)
Stlth   +++++..... NoTele   +   (no ring)
HPRegen 0.27/turn               (no ring)
MPRegen 0.18/turn               (no ring)
                                (no ring)
                                (no ring)

@: tree-form
A: stationary, stasis, torment immunity, boosted hp, almost no armour,
(amphibious), 8 rings, (camouflage 1), (gelatinous body 1), (nimble swimmer 1),
(tentacles), clarity, wild magic 1, MP-powered wands
a: Renounce Religion, Shatter the Chains


You were on level 10 of the Dungeon.
You worshipped Ashenzari.
Ashenzari was most pleased with you.
You were a tree.
You visited 2 branches of the dungeon, and saw 12 of its levels.

You collected 801 gold pieces.

Inventory:

Hand Weapons
 w - a +0 vorpal spear
 x - a +5 dagger of venom
 G - a +2 whip of flaming
 O - the +0 long sword "Zinweuco" {spect, Str+2 Dex+4 SInv}
   (You found it on level 8 of the Dungeon)

   When its wielder attacks, the weapon's spirit leaps out and strikes again.
   The spirit shares a part of any damage it takes with its wielder.
   Str:       It affects your strength (+2).
   Dex:       It affects your dexterity (+4).
   SInv:      It lets you see invisible.
Missiles
 i - a throwing net (quivered)
 T - 6 silver boomerangs
Armour
 k - the cursed orb "Cursed Affliction" (worn) {*channel, Alch, Cun}
   (You found it on level 3 of the Dungeon)

   It has a curse which improves the following skills: Alchemy: Poison Magic and
   Transmutations.
   Cunning:   Dodging and Stealth.
 S - a +0 buckler
Magical Staves
 p - a cursed staff of conjuration (weapon) {Melee, Cun}
Jewellery
 a - the cursed ring of Ashenzari's Vision (on tentacle) {rCorr Str+7 SInv, Alch, Bglg}
   (You found it on level 10 of the Dungeon)

   [ring of resist corrosion]

   Str:       It affects your strength (+7).
   SInv:      It lets you see invisible.
   rCorr:     It protects you from acid and corrosion.
   It has a curse which improves the following skills: Alchemy: Poison Magic and
   Transmutations.
   Beguiling: Conjurations, Hexes and Translocations.
 r - the cursed amulet of the Ruined Augurer (around neck) {Reflect SH+5, Elem, Range}
   (You found it on level 2 of the Dungeon)

   [amulet of reflection]

   It reflects blocked missile attacks.
   SH:        It affects your SH (+5).
   It has a curse which improves the following skills: Elements: Fire Magic, Ice
   Magic, Air Magic and Earth Magic.
   Ranged Combat: Ranged Weapons and Throwing.
 z - the cursed ring "Tethered Together" (left branch) {EV+4, Cun, Bglg}
   (You found it on level 1 of the Dungeon)

   [ring of evasion]

   EV:        It affects your evasion (+4).
   It has a curse which improves the following skills: Cunning: Dodging and
   Stealth.
   Beguiling: Conjurations, Hexes and Translocations.
 M - the cursed ring "Eternal Doubts" (right branch) {EV+4, Bglg, Comp}
   (You found it on level 6 of the Dungeon)

   [ring of evasion]

   EV:        It affects your evasion (+4).
   It has a curse which improves the following skills: Beguiling: Conjurations,
   Hexes and Translocations.
   Companions: Summonings and Necromancy.
Wands
 f - a wand of digging (7)
 g - a wand of light (6)
 o - a wand of charming (5)
 J - a wand of roots (6)
 K - a wand of flame (48)
 N - a wand of polymorph (12)
 Q - a wand of mindburst (10)
Scrolls
 b - 2 scrolls of fog
 c - 6 scrolls of magic mapping
 l - 11 scrolls of identify
 s - a scroll of torment
 t - 2 scrolls of blinking
 v - 2 scrolls of poison
 y - a scroll of teleportation
 A - a scroll of noise
 D - a scroll of fear
 E - a scroll of immolation
 H - 2 scrolls of amnesia
 I - a scroll of silence
 R - a scroll of enchant armour
Potions
 d - 2 potions of mutation
 e - 3 potions of haste
 h - 6 potions of curing
 j - a potion of ambrosia
 m - 2 potions of lignification
 n - a potion of flight
 q - a potion of berserk rage
 u - 5 potions of cancellation
 B - a potion of invisibility
 C - a potion of heal wounds
 F - a potion of might
 L - 2 potions of brilliance
 P - a potion of resistance


   Skills:
 - Level 5.0 Fighting
 - Level 2.0(3.2) Short Blades
 - Level 4.9(8.0) Dodging
 - Level 9.5(12.7) Stealth
 + Level 8.3 Spellcasting
 - Level 9.3(12.5) Conjurations
 - Level 4.9(6.4) Air Magic
 - Level 4.8(6.4) Earth Magic
 + Level 7.2 Evocations


You had 12 spell levels left.
You knew the following spells:

 Your Spells              Type           Power      Damage    Failure   Level
a - Passwall              Tmut/Erth      20%        N/A       6%          2
b - Magic Dart            Conj           100%       1d8       1%          1
c - Blink                 Tloc           22%        N/A       19%         2
d - Mephitic Cloud        Conj/Pois/Air  54%        N/A       4%          3
e - Stone Arrow           Conj/Erth      100%       3d13      1%          3
f - Swiftness             Air            37%        N/A       4%          3

Your spell library contained the following spells:

 Spells                   Type           Power      Damage    Failure   Level
 Sandblast                Erth           74%        2d16      1%          1
 Shock                    Conj/Air       100%       1d9       1%          1
 Airstrike                Air            18%        2d(3-19)  11%         4
 Slow                     Hex            44%        N/A       13%         1
 Call Imp                 Summ           10%        N/A       21%         2
 Confusing Touch          Hex            11%        N/A       34%         3
 Lesser Beckoning         Tloc           11%        N/A       34%         3
 Vampiric Draining        Necr           10%        2d6       36%         3
 Manifold Assault         Tloc           11%        N/A       96%         5


Dungeon Overview and Level Annotations

Branches:
Dungeon (11/15)            Temple (1/1) D:4            Lair (0/5) D:11
    Orc (0/2) D:9

Altars:
Ashenzari
Cheibriados
Dithmenos
Elyvilon
Fedhas
Gozag
Hepliaklqana
Kikubaaqudgha
Makhleb
Nemelex Xobeh
Okawaru
Qazlal
Ru
Sif Muna
Trog
Uskayaw
Vehumet
Wu Jian
Xom
Yredelemnul
Zin
The Shining One
Lugonu

Shops:
D:9 *

Annotations:
D:4 3 runed translucent doors, adizb's ghost, novice TeFi
D:11 Fannar


Innate Abilities, Weirdness & Mutations

You are a tree.
Your roots penetrate the ground, keeping you stationary.
You cannot be teleported.
You are immune to unholy pain and torment.
Your maximum health is greatly increased.
You cannot wear most types of armour.
((You are amphibious.))
You can wear up to eight rings at the same time.
((Your skin changes colour to match your surroundings (Stealth+).))
((Your rubbery body absorbs attacks. (AC +1, EV +1)))
((You are camouflaged when in or above water. (Stealth+)))
((You have tentacles for arms and can constrict up to eight enemies at once.))
You possess an exceptional clarity of mind.
Your spells are a little harder to cast, but a little more powerful.
You expend magic power (3 MP) to strengthen your wands.


Message History

You hit the komodo dragon but do no damage.
You blast the komodo dragon.
The komodo dragon is moderately wounded.
The komodo dragon bites you!!
* * * LOW HITPOINT WARNING * * *
You cannot teleport because you are held in place by your roots.
Unknown command.
You are confused.
You feel invigorated.
The komodo dragon bites you but does no damage.
You cannot move. (Use ctrl+direction or * direction to attack while stationary and confused.) Unknown command.
You cannot move. (Use ctrl+direction or * direction to attack while stationary and confused.)
You cannot move. (Use ctrl+direction or * direction to attack while stationary and confused.)
You hit the komodo dragon.
The komodo dragon is moderately wounded.
The komodo dragon bites you!
* * * LOW HITPOINT WARNING * * *
You hit the komodo dragon but do no damage.
You blast the komodo dragon!
The komodo dragon is severely wounded.
The komodo dragon bites you!!
* * * LOW HITPOINT WARNING * * *
You attack the rock wall.
You feel less invigorated.
You feel less confused.
The komodo dragon bites you but does no damage.
You feel much better.
The komodo dragon bites you but does no damage.
You cannot teleport because you are held in place by your roots.
Unknown command.
You hit the komodo dragon but do no damage.
The komodo dragon is severely wounded.
The komodo dragon bites you but does no damage.
Unknown command.
You completely miss the komodo dragon.
The komodo dragon is severely wounded.
The komodo dragon bites you!
* * * LOW HITPOINT WARNING * * *
The komodo dragon bites you!
You die...

* ...#* , #..* , ##.# , #...####
, , #..'.## * *, , ##)V.o# ,
#..'cY# *, , #Y..###l# * ** ##O#
#♣# ###, ,#.x* ##.# ###########
..##, *...* #..# #..........
...##{ ##.# #..# #..#######.
....##, .# #..# #..# #. .....##[#
#..# #..# #.
......#########..######..#######.
.................................
.................................


You could see a komodo dragon, a yak, a vampire, a centaur and an orc wizard
(invisible).

Vanquished Creatures
  2 two-headed ogres
  Pikel (D:4)
  A manticore (D:11)
  Maggie (D:9)
  3 kobold demonologists (D:10)
  An unseen horror (D:10)
  3 trolls (D:10)
  A hornet (D:9)
  A vampire (D:10)
  2 wraiths
  Eustachio (D:4)
  8 yaks
  2 wyverns
  Menkaure (D:4)
  2 water moccasins
  3 sky beasts (D:7)
  2 ice beasts (D:6)
  2 black bears
  3 orc warriors
  An ogre (D:5)
  2 lemures (D:4)
  4 centaurs
  2 phantoms (D:5)
  A kobold brigand (D:8)
  2 bullfrogs (D:8)
  2 gnoll sergeants
  A necrophage (D:5)
  2 scorpions
  10 wights
  6 killer bees
  3 howler monkeys
  Crazy Yiuf (D:7)
  5 hounds
  A jelly (D:5)
  3 iguanas (D:5)
  9 orc priests
  8 orc wizards
  9 adders
  13 gnolls
  2 shadow imps
  2 white imps
  2 ufetubi (D:5)
  2 worms (D:3)
  5 dart slugs
  38 orcs
  4 endoplasms
  2 giant cockroaches (D:3)
  9 goblins
  5 hobgoblins
  8 jackals
  7 kobolds
  9 quokkas
  4 ball pythons
  5 bats
  4 frilled lizards
  4 rats
237 creatures vanquished.

Vanquished Creatures (others)
  4 demonic plants (D:10)
  2 plants (D:10)
6 creatures vanquished.

Grand Total: 243 creatures vanquished

Notes
Turn   | Place    | Note
-------+----------+-------------------------------------------
     0 | D:5      | leafyfresh the Octopode Delver began the quest for the Orb.
     0 | D:5      | Reached XP level 1. HP: 16/16 MP: 1/1
    24 | D:5      | Found a glowing golden altar of the Shining One.
    72 | D:5      | Reached XP level 2. HP: 21/21 MP: 2/2
    97 | D:5      | Noticed a water moccasin
   103 | D:5      | Killed a water moccasin
   104 | D:5      | Reached XP level 3. HP: 7/27 MP: 3/3
   104 | D:5      | Reached XP level 4. HP: 9/33 MP: 4/4
   439 | D:5      | Reached XP level 5. HP: 37/37 MP: 5/5
   461 | D:5      | Found a snail-covered altar of Cheibriados.
   972 | D:5      | Reached XP level 6. HP: 44/44 MP: 6/6
  1531 | D:5      | Noticed an ice beast
  1536 | D:4      | Noticed Eustachio
  1537 | D:4      | Noticed Pikel
  1692 | D:3      | Found a shimmering altar of Xom.
  1805 | D:3      | Learned a level 2 spell: Passwall
  2261 | D:2      | Found a shimmering blue altar of Sif Muna.
  3181 | D:1      | Found a faded altar of an unknown god.
  3767 | D:4      | Found a runed translucent gate.
  3767 | D:4      | Found a runed translucent gate.
  3767 | D:4      | Found a runed translucent gate.
  3769 | D:4      | Noticed adizb's ghost (novice TeFi)
  3774 | D:4      | Found a faded altar of an unknown god.
  3791 | D:4      | Found a staircase to the Ecumenical Temple.
  3807 | Temple   | Entered the Ecumenical Temple
  3928 | Temple   | Became a worshipper of Ashenzari the Shackled
  3999 | D:4      | Reached skill level 5 in Fighting
  4002 | D:4      | Learned a level 1 spell: Magic Dart
  4005 | D:4      | Learned a level 2 spell: Blink
  4165 | D:4      | Found a white marble altar of Elyvilon.
  4246 | D:4      | Noticed Menkaure
  4318 | D:4      | Found a blossoming altar of Fedhas.
  4322 | D:4      | Found an opulent altar of Gozag.
  4336 | D:5      | Reached XP level 7. HP: 50/50 MP: 7/7
  4498 | D:4      | Killed Eustachio
  4499 | D:4      | Reached skill level 1 in Spellcasting
  5005 | D:4      | Killed Pikel
  5006 | D:4      | Reached XP level 8. HP: 6/55 MP: 10/13
  5990 | D:4      | Killed Menkaure
  6262 | D:5      | Reached skill level 5 in Conjurations
  6328 | D:5      | Reached skill level 5 in Spellcasting
  6342 | D:5      | Identified the +10 plate armour of Puxies {rElec rPois
                  | Str-3 Dex+2}
  6347 | D:5      | Learned a level 3 spell: Mephitic Cloud
  6351 | D:5      | Learned a level 3 spell: Stone Arrow
  6709 | D:5      | Reached XP level 9. HP: 55/61 MP: 16/16
  7261 | D:6      | Found a basalt altar of Yredelemnul.
  7690 | D:6      | Found an iron altar of Okawaru.
  7690 | D:6      | Found a glowing silver altar of Zin.
  7690 | D:6      | Found an ancient bone altar of Kikubaaqudgha.
  7896 | D:6      | Reached * piety under Ashenzari
  7902 | D:6      | Gained mutation: Your spells are a little harder to cast,
                  | but a little more powerful. [potion of mutation]
  7902 | D:6      | Gained mutation: You possess an exceptional clarity of
                  | mind. [potion of mutation]
  7902 | D:6      | Gained mutation: You expend magic power (3 MP) to
                  | strengthen your wands. [potion of mutation]
  8402 | D:7      | Reached skill level 1 in Air Magic
  8402 | D:7      | Reached skill level 1 in Earth Magic
 10708 | D:7      | Found a runed translucent door.
 10709 | D:7      | Noticed Crazy Yiuf
 10911 | D:7      | Killed Crazy Yiuf
 10912 | D:7      | Reached XP level 10. HP: 66/66 MP: 13/17
 11021 | D:8      | Found a stormy altar of Qazlal.
 11059 | D:8      | Identified the +0 long sword "Zinweuco" {spect, Str+2 Dex+4
                  | SInv}
 11060 | D:8      | Found a shimmering blue altar of Sif Muna.
 11093 | D:8      | Found a sparkling altar of Nemelex Xobeh.
 12108 | D:8      | Identified the +1 leather armour of the Fiddle {Fly rElec}
 12443 | D:9      | Noticed Maggie
 12533 | D:9      | Found a staircase to the Orcish Mines.
 12835 | D:8      | Learned a level 3 spell: Swiftness
 13447 | D:9      | Killed Maggie
 13853 | D:9      | Reached ** piety under Ashenzari
 14479 | D:8      | Reached skill level 1 in Evocations
 15968 | D:9      | Found Ugit's Assorted Antiques.
 16203 | D:10     | Entered Level 10 of the Dungeon
 16654 | D:10     | Noticed a kobold demonologist
 16655 | D:10     | Noticed a kobold demonologist
 16655 | D:10     | Noticed a kobold demonologist
 16658 | D:10     | Noticed a smoke demon
 16903 | D:10     | Killed a kobold demonologist
 16904 | D:10     | Reached XP level 11. HP: 71/71 MP: 5/21
 16907 | D:10     | Noticed a soul eater
 17583 | D:10     | Reached skill level 5 in Evocations
 17924 | D:10     | Identified the ring "Upala" {rCorr Str+7 SInv}
 18105 | D:10     | Found a corrupted altar of Lugonu.
 18272 | D:10     | Found a shadowy altar of Dithmenos.
 18273 | D:10     | Found a hazy altar of Hepliaklqana.
 18394 | D:10     | Noticed a two-headed ogre
 18451 | D:11     | Noticed a two-headed ogre
 18451 | D:11     | Noticed a manticore
 18454 | D:11     | Killed a manticore
 18617 | D:11     | Killed a two-headed ogre
 18991 | D:11     | Reached *** piety under Ashenzari
 19036 | D:11     | Found a staircase to the Lair.
 19041 | D:11     | Noticed Fannar
 19449 | D:10     | Killed a two-headed ogre
 19488 | D:10     | Mangled by a komodo dragon

Illustrated notes

Levels and vault maps discovered:
D:1:      dpeg_arrival_pond, layout_loops_ring,
          hellmonk_ecumenical_altar_crossroads
D:2:      layout_basic, basic_altar
D:3:      layout_basic, mainiacjoe_overflow_concentric_impassable,
          kennysheep_generic_room_13
D:4:      layout_cave_pods, elyvilon_altar_5, lemuel_round_altar,
          nicolae_gozag_seed_capital, minmay_temple_entry_drinking_statues,
          serial_column_ruins, column_ruins_hut, column_ruins_temple_circle,
          column_ruins_corridor_corner, column_ruins_open_tiny,
          column_ruins_grid_1, column_ruins_grid_4, ebering_ghost_rock_garden,
          uniq_pikel, uniq_eustachio, uniq_menkaure
D:5:      kennysheep_windowed_halls, layout_basic,
          mainiacjoe_overflow_boulevard, mainiacjoe_overflow_cross_hatched
D:6:      layout_gridville, amcnicky_altar_gilded,
          gammafunk_temple_overflow_claw, kennysheep_nondescript
D:7:      layout_gridville, uniq_crazy_yiuf_cottage
D:8:      layout_gridville, jmf_multi_god_temple, grunt_qazlal_sundering
D:9:      layout_cave_pools, orc_0_dummy, serial_shops, nicolae_lakefront_shop,
          feat_on_display, uniq_maggie
D:10:     kennysheep_kobold_lugonu_temple, layout_long_grid,
          riverfiend_overflow_shadow_ancestor, kennysheep_kite_vault
D:11:     hangedman_cross_veins, layout_basic, lair_entry_dummy, uniq_fannar
Temple:   hellmonk_temple_beads

Skill      XL: |  1  2  3  4  5  6  7  8  9 10 11 |
---------------+----------------------------------+-----
Fighting       | 4 5 |  5.0
Dodging        | 3 4 |  4.9
Stealth        | 7 8 9 |  9.5
Spellcasting   | 3 5 6 8 |  8.3
Conjurations   | 4 6 8 9 |  9.3
Air Magic      | 3 4 |  4.9
Earth Magic    | 3 4 |  4.8
Evocations     | 4 7 |  7.2
Short Blades   | |  2.0

Action                   |  1- 3 |  4- 6 |  7- 9 | 10-12 || total
-------------------------+-------+-------+-------+-------++-------
Melee: Short sword       |     6 |    98 |       |       ||   104
       Constrict         |     2 |    38 |    45 |    29 ||   114
       Tentacles         |     1 |    44 |    59 |    58 ||   162
       Punch             |       |     2 |     3 |     9 ||    14
       Dagger            |       |    46 |   218 |    26 ||   290
       Spear             |       |    10 |       |       ||    10
       Staff             |       |       |       |   164 ||   164
 Cast: Magic Dart        |       |     2 |     8 |    19 ||    29
       Stone Arrow       |       |       |    23 |    64 ||    87
       Mephitic Cloud    |       |       |     4 |    20 ||    24
       Blink             |       |       |     3 |     5 ||     8
       Swiftness         |       |       |       |     1 ||     1
       Passwall          |       |       |       |     1 ||     1
Invok: Curse Item        |       |       |     3 |     3 ||     6
  Use: Scroll            |       |     1 |       |     5 ||     6
       Potion            |       |       |     2 |     5 ||     7
 Stab: Sleeping          |     2 |    26 |    17 |       ||    45
       Distracted        |       |     1 |     1 |       ||     2
       Confused          |       |       |     2 |     9 ||    11
Armor: Skin              |       |       |     3 |    16 ||    19
Dodge: Dodged            |     2 |    82 |   119 |   184 ||   387
Block: Other             |       |     7 |    24 |       ||    31
       Reflection        |       |     2 |     3 |     3 ||     8
       Orb               |       |       |    14 |    47 ||    61
